 Dungeon Crawl Stone Soup version 0.21.1-1-g345015fe64 (webtiles) character file.

40 crazyass the Skirmisher (level 3, 0/31 HPs)
             Began as a Formicid Wanderer on June 9, 2018.
             Slain by an ogre
             ... wielding a +0 giant spiked club
              (4 damage)
             ... on level 4 of the Dungeon.
             The game lasted 00:05:28 (1334 turns).

crazyass the Skirmisher (Formicid Wanderer)         Turns: 1334, Time: 00:05:29

Health: 0/31       AC:  5    Str: 17    XL:     3   Next: 72%
Magic:  4/4        EV: 10    Int:  9    God:
Gold:   96         SH:  0    Dex: 12    Spells: 2/2 levels left

rFire    . . .     SeeInvis +   a - +2 mace
rCold    . . .     Gourm    .   (no shield)
rNeg     . . .     Faith    .   b - +0 ring mail
rPois    .         Spirit   .   (helmet unavailable)
rElec    .         Reflect  .   (no cloak)
rCorr    .         Harm     .   (no gloves)
MR       .....                  (no boots)
Stlth    +.........             (no amulet)
HPRegen  0.10/turn              (no ring)
MPRegen  0.09/turn              (no ring)

@: no status effects
A: permanent stasis, dig shafts and tunnels, four strong arms, antennae 3
a: Dig, Shaft Self


You were on level 4 of the Dungeon.
You were not hungry.

You visited 1 branch of the dungeon, and saw 3 of its levels.

You collected 96 gold pieces.

Inventory:

Hand Weapons
 a - a +2 mace (weapon)
Armour
 b - a +0 ring mail (worn)
 l - a +0 cloak
Wands
 c - a wand of random effects (15)
Scrolls
 e - 2 scrolls of remove curse {unknown}
 f - a scroll of random uselessness {unknown}
 g - a scroll of enchant weapon {unknown}
 h - 3 scrolls of identify {unknown}
 j - a scroll of magic mapping {unknown}
Potions
 i - a potion of haste {unknown}
 k - 2 potions of lignification {unknown}
 m - a potion of degeneration {unknown}
 n - a potion of mutation {unknown}
 o - a potion of flight {unknown}
 p - a potion of brilliance {unknown}
Comestibles
 d - 2 rations


   Skills:
 + Level 4.7 Fighting
 * Level 1.9 Maces & Flails
   Level 1.0 Bows
 * Level 2.6 Armour
 * Level 1.0 Dodging
 + Level 2.4 Evocations


You had 2 spell levels left.
You didn't know any spells.

Dungeon Overview and Level Annotations

Branches:
Dungeon (4/15)
 Temple: D:4-7

Altars:
Qazlal


Innate Abilities, Weirdness & Mutations

You cannot be hasted, slowed, berserked, paralysed or teleported.
You can dig through walls and to a lower floor.
Your four strong arms can wield two-handed weapons with a shield.
You have a pair of large antennae on your head. (SInv)


Message History

The ogre shouts!
The ogre moves out of view.
An orc comes into view. It is wielding a flail.
The orc shouts!
You see here a pink potion.
There are monsters nearby!
o - a pink potion
There are no items here.
You hit the ogre.
The ogre is lightly wounded.
The ogre hits you with a giant spiked club!
Found a stormy altar of Qazlal.
Found a scroll labeled ILOAWN RATAR.
You see here a scroll labeled ILOAWN RATAR.
The ogre hits you with a giant spiked club!!
Ouch! That really hurt!
* * * LOW HITPOINT WARNING * * *
The orc closely misses you.
The ogre hits you with a giant spiked club.
You die...

#....#######.....#.#
#.........?..._....#
#####.....###.##.....###
...........##.##≈...§#
#######...###.####.###
##..# #.......# ##.#
####.#### #.# #.#
#.######@# #....o.O.#
##########


You could see an ogre and an orc.

Vanquished Creatures
  2 dart slugs (D:1)
  2 leopard geckos
  A ball python (D:2)
  4 bats (D:1)
  2 giant cockroaches (D:1)
  4 hobgoblins
  2 jackals (D:2)
  3 frilled lizards (D:1)
  6 goblins (D:1)
  3 kobolds
  3 rats (D:1)
32 creatures vanquished.

Notes
Turn   | Place    | Note
-------+----------+-------------------------------------------
     0 | D:1      | crazyass the Formicid Wanderer began the quest for the Orb.
     0 | D:1      | crazyass set off with: a +2 mace, a +0 ring mail, a wand of random effects (15), a ration
     0 | D:1      | Reached XP level 1. HP: 20/20 MP: 2/2
    31 | D:1      | Reached XP level 2. HP: 23/26 MP: 3/3
   433 | D:1      | Reached XP level 3. HP: 31/31 MP: 4/4
   997 | D:2      | Reached skill level 1 in Dodging
  1066 | D:2      | You fall through a shaft for 2 floors!
  1296 | D:4      | Noticed an ogre
  1305 | D:4      | Found a stormy altar of Qazlal.
  1334 | D:4      | Slain by an ogre

Skill      XL: |  1  2  3 |
---------------+----------+-----
Dodging        | 1 |  1.0
Fighting       | |  4.7
Maces & Flails | |  1.9
Bows           | |  1.0
Armour         | |  2.6
Evocations     | |  2.4

Action                   || total
-------------------------++-------
Melee: Mace              ||    97
 Abil: Dig               ||     1
       Shaft Self        ||     1
  Eat: Ration            ||     1
Armor: Ring mail         ||    48
Dodge: Dodged            ||    67
